 Dungeon Crawl Stone Soup version 0.26-a0-707-g31817bcca1 (webtiles) character file.

Game seed: 17526099419846292594

14 dickylongcocking the Skirmisher (level 2, -3/31 HPs)
             Began as an Ogre Arcane Marksman on Oct 26, 2020.
             Killed from afar by a white imp (9 damage)
             ... with a puff of frost
             ... on level 2 of the Dungeon.
             The game lasted 00:01:13 (1099 turns).

dickylongcocking the Skirmisher (OgAM)              Turns: 1099, Time: 00:01:14

Health: -3/31      AC:  3    Str: 12 (13) XL:     2   Next: 41%
Magic:  2/3        EV:  9    Int: 11 (14) God:
Gold:   34         SH:  0    Dex:  6 (9)  Spells: 2/3 levels left

rFire    . . .     SeeInvis .   c - +0 club
rCold    . . .     Faith    .   (no shield)
rNeg     . . .     Spirit   .   a - +0 robe
rPois    .         Reflect  .   (helmet restricted)
rElec    .         Harm     .   (no cloak)
rCorr    .         Rampage  .   (gloves unavailable)
MR       .....                  (boots unavailable)
Stlth    +.........             (no amulet)
HPRegen  0.10/turn              (no ring)
MPRegen  0.08/turn              (no ring)

@: stab
A: large, unfitting armour, tough skin 1
a: no special abilities


You were on level 2 of the Dungeon.
You visited 1 branch of the dungeon, and saw 2 of its levels.

You collected 34 gold pieces.

Inventory:

Hand Weapons
 c - a +0 club (weapon)
Missiles
 h - 7 datura-tipped darts (quivered)
 i - 3 large rocks
Armour
 a - a +0 robe (worn)
Jewellery
 f - an uncursed ring of protection from magic {unknown}
 k - a cursed amulet of inaccuracy {unknown}
Scrolls
 e - 3 scrolls of identify {unknown}
Potions
 b - a potion of curing


   Skills:
 * Level 3.0 Fighting
 * Level 0.3 Maces & Flails
 - Level 2.0 Throwing
 - Level 1.7 Dodging
 - Level 1.2 Spellcasting
 - Level 2.7 Hexes


You had 2 spell levels left.
You knew the following spells:

 Your Spells              Type           Power        Failure   Level
a - Corona                Hex            #......      11%         1

Your spell library contained the following spells:

 Spells                   Type           Power        Failure   Level
 Slow                     Hex            #.......     16%         2
 Inner Flame              Hex/Fire       #.......     47%         3
 Portal Projectile        Hex/Tloc       #.....       47%         3
 Cause Fear               Hex            #.........   71%         4
 Leda's Liquefaction      Hex/Erth       #.........   87%         4


Dungeon Overview and Level Annotations

Branches:
Dungeon (2/15)

Altars:


Innate Abilities, Weirdness & Mutations

You are too large for most types of armour.
You have tough skin. (AC +1)


Message History

Okay, then.
Casting: Corona (safe; 11% risk of failure)
Confirm with . or Enter, or press ? or * to list all spells.
Aiming: Corona (safe; 11% risk of failure)
Press: ? - help, Shift-Dir - straight line, f - white imp
Aim: a white imp (chance to defeat MR: 50%)
The white imp is outlined in light.
The white imp gestures at you. The puff of frost hits you.
* * * LOW HITPOINT WARNING * * *
Unknown command.
Unknown command.
Throwing (i - inventory. (/) - cycle)
d - a throwing net (quivered)
Press: ? - help, Shift-Dir - straight line, f/p - white imp
Aim: a white imp (softly glowing)
You throw a throwing net. The throwing net hits the white imp.
The white imp is caught in the net!
The white imp gestures at you. The puff of frost hits you!
You die... #.# .# ##.# ### .# ...## ..# .# ##...## #.##.## ..... #.#.#.# .rS

#.#..# #5# .....#### #@#
........## #####.#####.
#....#...###......!.....
#....>.................#
#....#...#######.#######
#.#.....## #.#
#......... ..#
########### ###


You could see an adder, a white imp (caught, corona) and a quokka.

Vanquished Creatures
  2 giant cockroaches
  3 hobgoblins (D:1)
  2 bats (D:1)
  A frilled lizard (D:1)
  6 rats
14 creatures vanquished.

Notes
Turn   | Place    | Note
-------+----------+-------------------------------------------
     0 | D:1      | dickylongcocking the Ogre Arcane Marksman began the quest
                  | for the Orb.
     0 | D:1      | Reached XP level 1. HP: 19/19 MP: 2/2
    60 | D:1      | Reached skill level 2 in Fighting
   371 | D:1      | Reached XP level 2. HP: 28/29 MP: 3/3
  1060 | D:2      | Reached skill level 3 in Fighting
  1099 | D:2      | Killed from afar by a white imp

Illustrated notes

Levels and vault maps discovered:
D:1:      dpeg_arrival_more_subterranean_lakeside_camping, layout_loops_ring
D:2:      layout_loops_ring

Skill      XL: |  1  2 |
---------------+-------+-----
Fighting       | 2 3 |  3.0
Maces & Flails | |  0.3
Throwing       | |  2.0
Dodging        | |  1.7
Spellcasting   | |  1.2
Hexes          | |  2.7

Action                   || total
-------------------------++-------
Melee: Unarmed           ||    30
       Club              ||    43
Throw: Large rock        ||    12
       Throwing net      ||     2
 Cast: Corona            ||     1
  Use: Potion            ||     3
 Stab: Sleeping          ||     1
       Held in net/web   ||     1
Armor: Robe              ||    22
Dodge: Dodged            ||    47

Table legend: (Time is in decaauts)
 A = Elapsed time spent in this place.
 B = Non-inter-level travel time spent in this place.
 C = Inter-level travel time spent in this place.
 D = Time resting spent in this place.
 E = Time spent auto-exploring this place.
 F = Levels seen in this place.
 G = Mean time per level.
                   A        B        C        D        E       F      G
               +--------+--------+--------+--------+--------+-----+--------+
         Total |   1123 |   1095 |     28 |      0 |    867 |   2 |  561.5 |
       Dungeon |   1123 |   1095 |     28 |      0 |    867 |   2 |  561.5 |
               +--------+--------+--------+--------+--------+-----+--------+

Top non-repeatable levels by time:
     D:1: 1059 daAuts
     D:2: 64 daAuts
